 Dungeon Crawl Stone Soup version 0.22-a0-254-gaf95ca0 (webtiles) character file.

7 mhoghedin the Magician (level 1, -1/15 HPs)
             Began as a Mummy Wizard on Mar 4, 2018.
             Slain by an ooze (4 damage)
             ... on level 1 of the Dungeon.
             The game lasted 00:00:39 (416 turns).

mhoghedin the Magician (Mummy Wizard)                Turns: 416, Time: 00:00:39

Health: -1/15      AC:  2    Str: 10    XL:     1   Next: 83%
Magic:  0/5        EV: 12    Int: 17    God:
Gold:   41         SH:  0    Dex: 10    Spells: 7/8 levels left

rFire    x . .     SeeInvis .   c - +0 dagger
rCold    + . .     Gourm    .   (no shield)
rNeg     + + +     Faith    .   a - +0 robe
rPois    ∞         Spirit   .   b - +0 hat
rElec    .         Reflect  .   (no cloak)
rCorr    .         Harm     .   (no gloves)
MR       .....                  (no boots)
Stlth    ++........             (no amulet)
HPRegen  0.05/turn              (no ring)
MPRegen  0.09/turn              (no ring)

@: no status effects
A: no food or potions, fire vulnerability, cold resistance 1, negative energy
resistance 3, torment resistance, unbreathing
a: no special abilities


You were on level 1 of the Dungeon.
You were not hungry.

You visited 1 branch of the dungeon, and saw 1 of its levels.

You collected 41 gold pieces.

Inventory:

Hand Weapons
 c - a +0 dagger (weapon)
   (You took it off a kobold on level 1 of the Dungeon)
Armour
 a - a +0 robe (worn)
 b - a +0 hat (worn)
Scrolls
 d - a scroll of identify {unknown}
 e - a scroll of amnesia {unknown}


   Skills:
 + Level 1.0 Fighting
 - Level 1.5 Dodging
 - Level 1.5 Stealth
 + Level 4.3 Spellcasting
 - Level 0.7 Conjurations
   Level 0.7 Summonings
   Level 0.7 Translocations


You had 7 spell levels left.
You knew the following spells:

 Your Spells              Type           Power        Failure   Level  Hunger
a - Magic Dart            Conj           #...         12%         1    N/A

Dungeon Overview and Level Annotations

Branches:
Dungeon (1/15)

Altars:


Innate Abilities, Weirdness & Mutations

You do not eat or drink.
Your flesh is vulnerable to fire.
You are immune to poison.
Your flesh is cold resistant. (rC+)
You are immune to negative energy. (rN+++)
You are immune to unholy pain and torment.
You can survive without breathing.


Message History

No target in view!
No target in view!
No target in view!
No target in view!
No target in view!
No target in view!
No target in view!
No target in view!
No target in view!
No target in view!
No target in view!
You now have 9 gold pieces.
You now have 20 gold pieces (gained 11).
A frilled lizard comes into view.
Health restored: 14 A frilled lizard is nearby!
The helpless frilled lizard fails to defend itself.
You hit the frilled lizard.
You kill the frilled lizard!
No target in view!
No target in view!
No target in view!
No target in view!
No target in view!
No target in view!
No target in view!
d - a scroll labeled FUKEYT LOMIOGADIV
e - a scroll labeled BIEPHI DITEG You now have 27 gold pieces (gained 7).
You see here a ring mail.
A frilled lizard comes into view.
The frilled lizard hisses angrily.
The frilled lizard misses you.
You closely miss the frilled lizard. The frilled lizard misses you.
You closely miss the frilled lizard. The frilled lizard bites you.
You take 3 damage, and have 11/14 hp.
MASSIVE DAMAGE!!
You closely miss the frilled lizard. The frilled lizard bites you.
You take 2 damage, and have 9/14 hp.
You hit the frilled lizard.
You kill the frilled lizard!
No target in view!
Unknown command.
You start resting.
Health restored: 14 You see here a frilled lizard corpse.
You now have 41 gold pieces (gained 14).
You open the door.
A dart slug comes into view.
A dart slug is nearby!
Aim: a dart slug The magic dart hits the dart slug.
You now have 4/5 mp.
Aim: a dart slug (moderately wounded)
The magic dart hits the dart slug.
You now have 3/5 mp.
Aim: a dart slug (heavily wounded, clinging)
The magic dart hits the dart slug.
You now have 2/5 mp.
Aim: a dart slug (severely wounded, clinging)
The magic dart hits the dart slug.
You kill the dart slug!
Your Fighting skill increases to level 1!
Health restored: 15 You now have 1/5 mp.
Okay, then.
Unknown command.
You start resting.
MP restored: 5 An ooze comes into view.
There is an open door here.
A bat comes into view.
You see here a runed scarf.
You barely miss the ooze. The ooze hits you.
You take 4 damage, and have 11/15 hp.
MASSIVE DAMAGE!!
The ooze hits you but does no damage. The bat barely misses you.
There is an open door here.
The bat hits you but does no damage.
Aim: a bat The magic dart hits the bat.
The bat barely misses you.
You now have 4/5 mp.
Aim: an ooze The magic dart hits the ooze.
The ooze hits you.
You now have 3/5 mp.
Aim: an ooze (lightly wounded)
The magic dart hits the ooze.
The ooze hits you.
You take 4 damage, and have 7/15 hp.
MASSIVE DAMAGE!!
You now have 2/5 mp.
Aim: an ooze (moderately wounded)
The magic dart hits the ooze.
The ooze hits you.
* * * LOW HITPOINT WARNING * * *
You take 4 damage, and have 3/15 hp.
MASSIVE DAMAGE!!
You now have 1/5 mp.
Aim: an ooze (heavily wounded)
The magic dart hits the ooze.
The ooze hits you.
You die...

.# #.######.#######. %# #.#
#..........# # .# #.#
#.##.#####.#.#
########.###.##.#####.#.##
.............##.##.......#
########.######.##.......##
#.........+.........
###############.##........#
.........# #..@Jb[......#
########.#####..##........#
#####........#..##........#
...##.##.###.#..#########.#
##.##.##.# #.#..# #
#.##.##.###.#..#
#....##.#...#..#
#######†#.###..# #.#.#
#..#######


You could see an ooze and a bat.

Vanquished Creatures
  A dart slug (D:1)
  A goblin (D:1)
  A kobold (D:1)
  2 frilled lizards (D:1)
5 creatures vanquished.

Notes
Turn   | Place    | Note
-------+----------+-------------------------------------------
     0 | D:1      | mhoghedin the Mummy Wizard began the quest for the Orb.
     0 | D:1      | Reached XP level 1. HP: 13/13 MP: 5/5
   364 | D:1      | Reached skill level 1 in Fighting
   415 | D:1      | HP: 3/15 [ooze (4)]
   416 | D:1      | Slain by an ooze

Vault maps used:
D:1:      erik_arrival_cave_to_civilisation

Skill      XL: |  1 |
---------------+----+-----
Fighting       | 1 |  1.0
Dodging        | |  1.5
Stealth        | |  1.5
Spellcasting   | |  4.3
Conjurations   | |  0.7
Summonings     | |  0.7
Translocations | |  0.7

Action                   || total
-------------------------++-------
Melee: Dagger            ||     9
 Cast: Magic Dart        ||    10
 Stab: Sleeping          ||     1
Armor: Robe              ||     3
Dodge: Dodged            ||     4

Table legend:
 A = Spawn XP
 B = Non-spawn XP
 C = Spawn XP percentage of total XP
 D = Spawn monster count
 E = Non-spawn monster count
 F = Spawn count percentage of total count
 G = Total turns spent on level
                    A         B        C        D         E        F      G
               +---------+---------+-------+---------+---------+-------+---------
         Total |       0 |      10 |   0.0 |       0 |       5 |   0.0 |   416
               +---------+---------+-------+---------+---------+-------+---------
           D:1 |       0 |      10 |   0.0 |       0 |       5 |   0.0 |   416
               +---------+---------+-------+---------+---------+-------+---------

Vault maps used:
D:1:      erik_arrival_cave_to_civilisation

Table legend:
 A = Turns spent in this place as a percentage of turns spent in the entire game.
 B = Non-inter-level travel turns spent in this place as a percentage of non-inter-level travel turns spent in the entire game.
 C = Inter-level travel turns spent in this place as a percentage of turns spent in this place.
 D = Turns resting spent in this place as a percentage of non-inter-level travel turns spent in this place.
 E = Turns spent auto-exploring this place as a percentage of non-inter-level travel turns spent in this place.
 F = Non-inter-level travel turns spent in this place divided by the number of levels of this place that you've seen.
                   A       B       C       D       E      F
               +-------+-------+-------+-------+-------+----------------------
         Total | 100.0 | 100.0 |   0.0 |  33.9 |  56.0 | 416.0
       Dungeon | 100.0 | 100.0 |   0.0 |  33.9 |  56.0 | 416.0
               +-------+-------+-------+-------+-------+----------------------

Table legend:
 A = Kills in this place as a percentage of kills in entire the game.
 B = Kills by you in this place as a percentage of kills by you in the entire game.
 C = Kills by friends in this place as a percentage of kills by friends in the entire game.
 D = Other kills in this place as a percentage of other kills in the entire game.
 E = Experience gained in this place as a percentage of experience gained in the entire game.
 F = Experience gained in this place divided by the number of levels of this place that you have seen.
                   A       B       C       D       E      F
               +-------+-------+-------+-------+-------+----------------------
         Total | 100.0 | 100.0 |   N/A |   N/A | 100.0 |  10.0
       Dungeon | 100.0 | 100.0 |   N/A |   N/A | 100.0 |  10.0
               +-------+-------+-------+-------+-------+----------------------
